 Dungeon Crawl Stone Soup version 0.26.0-16-gc1dbca0489 (webtiles) character file.

Game seed: 759322456898589017

1260 thiole the Sneak (level 8, 0/46 HPs)
             Began as an Octopode Hedge Wizard on Jan 19, 2021.
             Was an Initiate of Gozag.
             Slain by Duvessa
             ... wielding a +0 short sword
              (3 damage)
             ... on level 6 of the Dungeon.
             The game lasted 00:15:54 (6947 turns).

thiole the Sneak (Octopode Hedge Wizard)            Turns: 6947, Time: 00:15:54

Health: 0/46       AC:  8    Str: 10    XL:     8   Next: 52%
Magic:  15/15      EV: 13    Int: 18    God:    Gozag
Gold:   436        SH:  0    Dex: 11    Spells: 8/17 levels left

rFire    . . .     SeeInvis .   e - +3 dagger (protect)
rCold    . . .     Faith    .   (no shield)
rNeg     . . .     Spirit   .   b - +0 hat
rPois    .         Reflect  .   (no amulet)
rElec    .         Harm     .   (no ring)
rCorr    .         Rampage  .   (no ring)
Will     .....                  (no ring)
Stlth    ++++......             (no ring)
HPRegen  0.15/turn              (no ring)
MPRegen  0.14/turn              (no ring)
                                (no ring)
                                (no ring)

@: protection aura, hasted, very quick
A: almost no armour, stealthy swim, amphibious, 8 rings, constrict 8, camouflage
1, gelatinous body 1
a: Renounce Religion, Potion Petition, Call Merchant, Bribe Branch


You were on level 6 of the Dungeon.
You worshipped Gozag.
Gozag was aware of your devotion.
You visited 2 branches of the dungeon, and saw 8 of its levels.

You collected 651 gold pieces.
You spent 150 gold pieces at shops.
You paid 65 gold pieces to Gozag.

Inventory:

Hand Weapons
 a - a +0 dagger
 e - a +3 dagger of protection (weapon)
 x - a +2 rapier of draining
Armour
 b - a +0 hat (worn)
 z - a +0 tower shield
 C - a +0 buckler
Jewellery
 i - an uncursed ring of positive energy {unknown}
Wands
 c - a wand of polymorph (10)
 j - a wand of disintegration (18)
 w - a wand of flame (5)
 A - a wand of iceblast (5)
Scrolls
 f - 2 scrolls of teleportation
 h - a scroll of remove curse
 k - a scroll of noise {unknown}
 l - a scroll of immolation
 m - a scroll of fear {unknown}
 n - a scroll of enchant weapon {unknown}
 p - 5 scrolls of identify
 r - 2 scrolls of amnesia {unknown}
 s - a scroll of blinking {unknown}
 y - 3 scrolls of magic mapping {unknown}
Potions
 d - a potion of haste
 g - 2 potions of flight {unknown}
 o - 3 potions of brilliance {unknown}
 q - a potion of lignification {unknown}
 t - a potion of mutation {unknown}
 u - a potion of heal wounds {unknown}
 v - a potion of resistance {unknown}
 B - a potion of degeneration {unknown}


   Skills:
 - Level 2.0 Dodging
 + Level 6.8 Stealth
 + Level 1.6 Shields
 * Level 5.0 Spellcasting
 - Level 2.0 Conjurations
 + Level 5.0 Summonings
 - Level 1.0 Translocations
 + Level 5.0 Air Magic


You had 8 spell levels left.
You knew the following spells:

 Your Spells              Type           Power        Failure   Level
a - Magic Dart            Conj           44%          6%          1
b - Mephitic Cloud        Conj/Pois/Air  12%          16%         3
c - Summon Small Mammal   Summ           88%          1%          1
d - Summon Lightning Spi  Summ/Air       22%          17%         4

Your spell library contained the following spells:

 Spells                   Type           Power        Failure   Level
 Call Imp                 Summ           22%          2%          2
 Call Canine Familiar     Summ           22%          4%          3
 Blink                    Tloc           N/A          13%         2
 Summon Guardian Golem    Hex/Summ       13%          14%         3
 Slow                     Hex            4%           21%         2
 Conjure Flame            Conj/Fire      8%           26%         3
 Summon Ice Beast         Ice/Summ       13%          43%         4


Dungeon Overview and Level Annotations

Branches:
Dungeon (7/15)             Temple (1/1) D:4

Altars:
Ashenzari
Dithmenos
Elyvilon
Gozag
Makhleb
Nemelex Xobeh
Uskayaw
Wu Jian

Shops:
D:6 **

Annotations:
D:4 1 runed translucent door, Gingerlord's ghost, novice MiGl
D:6 Duvessa


Innate Abilities, Weirdness & Mutations

You cannot wear most types of armour.
You are very stealthy in the water. (Stealth+)
You are amphibious.
You can wear up to eight rings at the same time.
You can use your tentacles to constrict eight enemies at once.
Your skin changes colour to match your surroundings (Stealth+).
Your rubbery body absorbs attacks. (AC +1, EV +1)


Message History

You squeeze Duvessa.
Duvessa is lightly wounded.
You constrict Duvessa.
Duvessa hits you with a +0 short sword! x2
You hit Duvessa.
Duvessa is lightly wounded.
You constrict Duvessa. Duvessa closely misses you.
You hit Duvessa.
Duvessa is moderately wounded.
You constrict Duvessa.
Duvessa hits you with a +0 short sword. x2
You hit Duvessa but do no damage.
Duvessa is moderately wounded.
You constrict Duvessa. Duvessa hits you with a +0 short sword!
It was a potion of haste.
You feel yourself speed up.
You constrict Duvessa. Duvessa closely misses you.
Duvessa hits you with a +0 short sword!
* * * LOW HITPOINT WARNING * * *
You hit Duvessa.
Duvessa is heavily wounded.
You constrict Duvessa. Duvessa hits you with a +0 short sword.
You die...
Your body crumbles into a pile of gold.

##.........#....#.....
.##.......)#....#.... .
#.######..##..###..# .#
.#.## ##..##..###(.##..#
#.#.##..................
##.#.##.................
.##.#.##............$...
#.##.#.####...##'#.##..#
.#.##.#.###....e@+ #
#.#.##.#.##....#+# .>
##.#(##.#.##... .
..#.##.#.##..... .
.#)##.#.###.# .#
#)##.#.####.#####+####.####
.##.#.##...................
##.#.##....................
#.#.##......<..............


You could see Duvessa (berserk).

Vanquished Creatures
  Sigmund (D:5)
  A sky beast (D:5)
  3 ogres
  A centaur (D:6)
  A bullfrog (D:6)
  Dowan (D:6)
  2 bullfrog zombies (D:6)
  2 centaur zombies
  A hound (D:5)
  2 orc priests
  2 orc wizards (D:5)
  3 worker ants (D:5)
  A hound zombie (D:6)
  A hound skeleton (D:3)
  6 adders
  A white imp (D:6)
  An adder zombie (D:5)
  2 adder skeletons
  2 worms
  A dart slug (D:1)
  5 leopard geckos
  22 orcs
  3 giant cockroaches
  7 goblins
  5 hobgoblins
  12 jackals
  3 kobolds (D:2)
  3 quokkas
  A ball python (D:6)
  4 bats
  4 frilled lizards
  A quokka skeleton (D:4)
  9 rats
114 creatures vanquished.

Vanquished Creatures (collateral kills)
  An adder (D:6)
  A leopard gecko (D:6)
  An orc (D:6)
  A jackal (D:6)
4 creatures vanquished.

Grand Total: 118 creatures vanquished

Notes
Turn   | Place    | Note
-------+----------+-------------------------------------------
     0 | D:1      | thiole the Octopode Hedge Wizard began the quest for the
                  | Orb.
     0 | D:1      | Reached XP level 1. HP: 11/11 MP: 4/4
   330 | D:1      | Reached XP level 2. HP: 17/17 MP: 1/6
   398 | D:1      | Found a broken altar of Ashenzari.
   706 | D:2      | Reached skill level 3 in Stealth
  1059 | D:2      | Reached XP level 3. HP: 21/21 MP: 1/7
  1126 | D:2      | Found a hide-covered altar of Uskayaw.
  1234 | D:2      | Reached XP level 4. HP: 20/27 MP: 5/9
  1934 | D:3      | Reached skill level 4 in Stealth
  2025 | D:3      | Found a faded altar of an unknown god.
  2367 | D:3      | HP: 1/27 [goblin/+0 dagger of pain (3)]
  2386 | D:3      | Learned a level 3 spell: Mephitic Cloud
  2584 | D:3      | Learned a level 1 spell: Summon Small Mammal
  3089 | D:4      | Reached XP level 5. HP: 31/31 MP: 7/10
  3126 | D:4      | Found a staircase to the Ecumenical Temple.
  3145 | Temple   | Entered the Ecumenical Temple
  3197 | Temple   | Became a worshipper of Gozag Ym Sagoz the Greedy
  3236 | D:4      | Noticed an orc warrior
  3243 | D:5      | Entered Level 5 of the Dungeon
  3268 | D:5      | Found a white marble altar of Elyvilon.
  3459 | D:5      | Noticed an ogre
  3676 | D:5      | Reached skill level 1 in Air Magic
  3712 | D:5      | Noticed a sky beast
  3743 | D:5      | Reached XP level 6. HP: 32/36 MP: 12/12
  3756 | D:5      | Reached skill level 5 in Stealth
  3884 | D:5      | HP: 1/36 [sky beast (5)]
  3888 | D:5      | Killed a sky beast
  4220 | D:5      | Noticed Sigmund
  4235 | D:5      | Killed Sigmund
  4236 | D:5      | Reached XP level 7. HP: 27/41 MP: 13/13
  4473 | D:5      | Learned a level 4 spell: Summon Lightning Spire
  4513 | D:5      | Found a sparkling altar of Nemelex Xobeh.
  5107 | D:5      | Reached skill level 6 in Stealth
  5815 | D:4      | Found a runed translucent door.
  5818 | D:4      | Noticed Gingerlord's ghost (novice MiGl)
  5870 | D:4      | You fall into a shaft and drop 3 floors!
  5915 | D:6      | Noticed Duvessa
  5916 | D:6      | Noticed Dowan
  5951 | D:6      | Killed Dowan
  5952 | D:6      | Reached XP level 8. HP: 29/46 MP: 15/15
  6406 | D:6      | Reached skill level 5 in Summonings
  6421 | D:6      | Reached skill level 1 in Shields
  6426 | D:6      | Reached skill level 5 in Spellcasting
  6645 | D:6      | Found Ontowoha's General Store.
  6713 | D:6      | Found a shadowy altar of Dithmenos.
  6728 | D:6      | Reached skill level 5 in Air Magic
  6935 | D:6      | Found Laahag's Assorted Antiques.
  6938 | D:6      | Bought a coral ring for 150 gold pieces
  6947 | D:6      | Slain by Duvessa

Illustrated notes

Levels and vault maps discovered:
D:1:      roderic_crossed_star, layout_rooms, ashenzari_altar_1
D:2:      layout_rooms, eat_drink_and_be_merry_uskayaw,
          minmay_misc_feat_ornament, grunt_ministairs_11
D:3:      layout_loops_corners, chequers_ecumenical_altar_simple_redux
D:4:      layout_loops_cross, old_standard_altar, minmay_temple_entry_statues,
          serial_bayou, serial_bayou_ford_a, serial_bayou_pond_b,
          serial_bayou_lagoon_a, serial_bayou_pond_c,
          hellmonk_ghost_happy_afterlife, kennysheep_generic_room_16
D:5:      layout_basic, nemelex_xobeh_ov_fountains_minmay, lemuel_round_altar,
          uniq_sigmund
D:6:      minmay_inner_zag, layout_gridville, marbit_many_paths,
          old_standard_altar, serial_shops, shop, nicolae_shop_behind_doors,
          nicolae_dithmenos_through_a_glass_darkly, uniq_duvessa
D:7:      layout_cave_pods, okawaru_gym_becter, nicolae_overflow_hidden_temple,
          serial_shops, kennysheep_mini, uniq_prince_ribbit1
Temple:   jpeg_temple_alley_garden

Skill      XL: |  1  2  3  4  5  6  7  8 |
---------------+-------------------------+-----
Stealth        | 3 4 5 6 |  6.8
Conjurations   | 2 |  2.0
Summonings     | 2 3 4 5 |  5.0
Air Magic      | 1 3 4 5 |  5.0
Spellcasting   | 4 5 |  5.0
Shields        | 1 |  1.6
Dodging        | |  2.0
Translocations | |  1.0

Action                   |  1- 3 |  4- 6 |  7- 9 || total
-------------------------+-------+-------+-------++-------
Melee: Dagger            |    33 |   111 |   160 ||   304
       Constrict         |    10 |    21 |    28 ||    59
       Tentacles         |     4 |    16 |    31 ||    51
 Cast: Magic Dart        |    57 |    58 |    35 ||   150
       Summon Small Mamm |       |     4 |       ||     4
       Summon Lightning  |       |       |     9 ||     9
  Use: Scroll            |       |     4 |     3 ||     7
       Potion            |       |     4 |     2 ||     6
 Stab: Sleeping          |     1 |     2 |     3 ||     6
Armor: Skin              |     2 |    35 |    32 ||    69
Dodge: Dodged            |    15 |    69 |    96 ||   180
